 Dungeon Crawl Stone Soup version 0.28.0-53-g5a82cb258f (webtiles) character file.

Game seed: 10788527231811116870

579 nickcage the Destroyer (level 7, 0/36 HPs)
             Began as a Deep Elf Conjurer on June 27, 2022.
             Slain by an orc warrior
             ... wielding a +0 mace
              (4 damage)
             ... on level 4 of the Dungeon.
             The game lasted 00:11:06 (3823 turns).

nickcage the Destroyer (Deep Elf Conjurer)          Turns: 3823, Time: 00:11:06

Health: 0/36       AC:  4    Str:  4    XL:     7   Next: 13%
Magic:  4/16       EV: 12    Int: 25    God:
Gold:   138        SH:  0    Dex: 13    Spells: 5/16 levels left

rFire   . . .      SeeInvis .   g - +3 short sword
rCold   . . .      Faith    .   (no shield)
rNeg    . . .      Spirit   .   a - +0 robe
rPois   .          Reflect  .   (no helmet)
rElec   .          Harm     .   (no cloak)
rCorr   .          Rampage  .   k - +0 pair of gloves
Will    .....                   d - +0 pair of boots
Stlth   ++........              (no amulet)
HPRegen 0.12/turn               (no ring)
MPRegen 0.15/turn               (no ring)

@: no status effects
A: no striking features
a: no special abilities


You were on level 4 of the Dungeon.
You visited 1 branch of the dungeon, and saw 4 of its levels.

You collected 138 gold pieces.

Inventory:

Hand Weapons
 c - a +0 whip
 g - a +3 short sword (weapon)
Armour
 a - a +0 robe (worn)
 d - a +0 pair of boots (worn)
 k - a +0 pair of gloves (worn)
 o - a +0 buckler
Scrolls
 e - a scroll of identify
 n - a scroll of acquirement {unknown}
 p - a scroll of fog {unknown}
Potions
 f - 2 potions of heal wounds
 i - 2 potions of flight
 m - a potion of degeneration


   Skills:
 - Level 2.4 Dodging
 - Level 2.4 Stealth
 + Level 5.1 Spellcasting
 + Level 8.2 Conjurations
 * Level 2.7 Hexes
 * Level 1.4 Translocations


You had 5 spell levels left.
You knew the following spells:

 Your Spells              Type           Power      Damage    Failure   Level
a - Magic Dart            Conj           100%       1d8       1%          1
b - Searing Ray           Conj           94%        2d7       1%          2
c - Fulminant Prism       Conj/Hex       16%        3d11      9%          4
d - Iskenderun's Mystic   Conj/Tloc      30%        2d8       11%         4

Your spell library contained the following spells:

 Spells                   Type           Power      Damage    Failure   Level
 Dazzling Flash           Conj/Hex       66%        N/A       2%          3
 Stone Arrow              Conj/Erth      54%        3d10      4%          3
 Sandblast                Erth           12%        2d6       9%          1
 Corpse Rot               Necr/Air       12%        N/A       12%         2
 Passwall                 Tmut/Erth      5%         N/A       12%         2
 Poisonous Vapours        Pois/Air       12%        N/A       12%         2


Dungeon Overview and Level Annotations

Branches:
Dungeon (4/15)
 Temple: D:4-7

Altars:

Shops:
D:1 !   D:2 (


Message History

The magic dart hits the orc priest.
The orc priest is severely wounded.
The searing ray hits the orc priest!
You kill the orc priest! (Press . to maintain the ray.)
You start resting.
You feel your willpower return.
You start resting.
An orc warrior comes into view. It is wielding a +0 mace.
The magic dart hits the orc warrior but does no damage.
The orc warrior shouts!
You hear a shout!
The orc warrior drinks a potion.
The orc warrior seems to speed up.
The magic dart hits the orc warrior but does no damage.
The searing ray hits the orc warrior.
The orc warrior is lightly wounded. (Press . to maintain the ray.)
The searing ray hits the orc warrior.
The orc warrior is moderately wounded.
The searing ray hits the orc warrior.
The orc warrior is heavily wounded.
The orc warrior hits you with a +0 mace.
The searing ray hits the orc warrior.
The orc warrior is heavily wounded.
You finish channelling your searing ray.
The orc warrior hits you with a +0 mace!
An orc priest comes into view. It is wielding a +0 hand axe.
The orc warrior hits you with a +0 mace.
You are too injured to fight recklessly!
Aiming: Searing Ray (safe; 1% risk of failure)
Press: ? - help, Q - select action, (/) - cycle Shift-Dir - straight line, f/p - orc warrior
Aim: an orc warrior, wielding a +0 mace and wearing a +0 chain mail (heavily wounded, fast, 80% to hit)
The searing ray hits the orc warrior.
The orc warrior is severely wounded. (Press . to maintain the ray.)
The orc warrior hits you with a +0 mace!
* * * LOW HITPOINT WARNING * * *
The searing ray hits the orc warrior.
The orc warrior is severely wounded.
The orc warrior hits you with a +0 mace.
You die...

. ..
######...
#........
####.....<..
#...@o..)...
#...........
#...........
####?.......
#....)...
#........
#........
##.......


You could see an orc warrior (fast).

Vanquished Creatures
  Grinder (D:3)
  A necrophage (D:3)
  A hound (D:4)
  An orc priest (D:4)
  Terence (D:3)
  Jessica (D:2)
  Natasha (thrice) (D:2)
  3 gnolls (D:2)
  2 adders
  A worm (D:3)
  2 dart slugs (D:3)
  9 ball pythons
  An endoplasm (D:2)
  2 giant cockroaches
  6 goblins
  A hobgoblin (D:3)
  7 jackals
  8 kobolds
  3 quokkas
  3 bats
  2 frilled lizards
  2 rats (D:1)
61 creatures vanquished.

Notes
Turn   | Place    | Note
-------+----------+-------------------------------------------
     0 | D:1      | nickcage the Deep Elf Conjurer began the quest for the Orb.
     0 | D:1      | Reached XP level 1. HP: 10/10 MP: 6/6
   164 | D:1      | Found Naumek's Distillery.
   331 | D:1      | Reached XP level 2. HP: 15/15 MP: 4/8
   334 | D:1      | Learned a level 2 spell: Searing Ray
   426 | D:1      | Reached skill level 5 in Conjurations
  1337 | D:2      | Reached XP level 3. HP: 19/19 MP: 2/9
  1376 | D:2      | Reached skill level 6 in Conjurations
  1672 | D:2      | Noticed Natasha
  1673 | D:2      | Found a faded altar of an unknown god.
  1679 | D:2      | Killed Natasha
  1680 | D:2      | Reached XP level 4. HP: 18/24 MP: 3/10
  1782 | D:2      | Noticed Natasha
  1785 | D:2      | Killed Natasha
  1976 | D:2      | Noticed Jessica
  1979 | D:2      | Killed Jessica
  1980 | D:2      | Reached skill level 7 in Conjurations
  1980 | D:2      | Reached XP level 5. HP: 28/28 MP: 7/11
  1988 | D:2      | Learned a level 4 spell: Fulminant Prism
  2020 | D:2      | Noticed Natasha
  2025 | D:2      | Killed Natasha
  2242 | D:2      | Found Niyd Igu's Weapon Shoppe.
  2596 | D:3      | Noticed Terence
  2610 | D:3      | Killed Terence
  2611 | D:3      | Reached skill level 1 in Hexes
  2715 | D:3      | Noticed a necrophage
  2764 | D:3      | Killed a necrophage
  2765 | D:3      | Reached XP level 6. HP: 28/32 MP: 5/14
  2770 | D:3      | Learned a level 4 spell: Iskenderun's Mystic Blast
  2891 | D:3      | Noticed Grinder
  3160 | D:3      | Paralysed by Grinder for 5 turns
  3169 | D:3      | Killed Grinder
  3170 | D:3      | Reached skill level 5 in Spellcasting
  3170 | D:3      | Reached skill level 8 in Conjurations
  3170 | D:3      | Reached skill level 1 in Translocations
  3170 | D:3      | Reached XP level 7. HP: 7/36 MP: 3/16
  3823 | D:4      | Slain by an orc warrior

Illustrated notes

Levels and vault maps discovered:
D:1:      matt_arrival_refuge, layout_loops_ring, serial_shops,
          nicolae_shop_trees, chequers_mini_garden, bh_walls_and_bars
D:2:      layout_loops_ring, serial_shops, nicolae_shop_bloodbath_and_beyond,
          basic_ecumenical_altar, uniq_natasha, uniq_jessica
D:3:      layout_loops_ring, minivault_14, uniq_terence, uniq_grinder
D:4:      layout_basic, nicolae_kikubaaqudgha_miasma_corner

Skill      XL: |  1  2  3  4  5  6 |
---------------+-------------------+-----
Conjurations   | 5 6 7 8 |  8.2
Hexes          | 1 2 |  2.7
Spellcasting   | 4 5 |  5.1
Translocations | 1 |  1.4
Dodging        | |  2.4
Stealth        | |  2.4

Action                   |  1- 3 |  4- 6 |  7- 9 || total
-------------------------+-------+-------+-------++-------
Melee: Short sword       |     1 |       |     2 ||     3
 Cast: Magic Dart        |    52 |    31 |    18 ||   101
       Searing Ray       |     3 |    14 |     5 ||    22
  Use: Scroll            |       |       |     7 ||     7
 Stab: Sleeping          |     1 |       |       ||     1
Armor: Robe              |     3 |     2 |       ||     5
Dodge: Dodged            |     5 |     7 |     6 ||    18
